 Dungeon Crawl Stone Soup version 0.21-a0-404-g291f19a (webtiles) character file.

188426 twist the Severer (level 17, -13/141 HPs)
             Began as a Demonspawn Gladiator on Oct 27, 2017.
             Was an Elder of Qazlal.
             Mangled by a merfolk impaler
             ... wielding a +0 trident
              (34 damage)
             ... on level 4 of the Shoals on Oct 28, 2017.
             The game lasted 01:47:52 (34678 turns).

twist the Severer (Demonspawn Gladiator)           Turns: 34678, Time: 01:47:52

Health: -13/141    AC: 34    Str: 22    XL:     17   Next: 91%
Magic:  0/26       EV:  5    Int: 10    God:    Qazlal [****..]
Gold:   2193       SH:  0    Dex: 19    Spells: 16/16 levels left

rFire    + . .     SeeInvis .   g - +2 executioner's axe (freeze)
rCold    . . .     Gourm    .   (shield currently unavailable)
rNeg     . . .     Faith    .   s - +0 crystal plate armour
rPois    +         Spirit   +   c - +1 helmet
rElec    .         Reflect  +   X - +1 cloak {rPois}
rCorr    .         Harm     .   (gloves unavailable)
MR       +....                  A - +2 pair of boots
Stlth    ..........             y - brooch of Shielding {Reflect SH+8}
HPRegen  0.33/turn              l - ring of the Suburbs {Wiz Str+2 Dex-2 Slay+2 Stlth+}
MPRegen  0.40/turn              O - +5 ring of strength

@: lethally poisoned (-13 -> -15), about to teleport, sleeping, afraid,
mesmerised, held, repel missiles, very slow
A: claws 3, rugged brown scales 2, fire resistance 1, ignite blood, magic
shield, magic regeneration, flame cloud immunity
a: Upheaval, Elemental Force, Renounce Religion


You were on level 4 of the Shoals.
You worshipped Qazlal.
Qazlal was greatly pleased with you.
You were not hungry.

You visited 5 branches of the dungeon, and saw 30 of its levels.
You also visited: Labyrinth and Ossuary.

You collected 3218 gold pieces.
You spent 1025 gold pieces at shops.

Inventory:

Hand Weapons
 g - a +2 executioner's axe of freezing (weapon)
 T - a +1 scimitar of flaming
Armour
 c - a +1 helmet (worn)
 s - a +0 crystal plate armour (worn)
 A - a +2 pair of boots (worn)
 X - a +1 cloak of poison resistance (worn)
Jewellery
 i - an uncursed ring of see invisible
 l - the ring of the Suburbs (left claw) {Wiz Str+2 Dex-2 Slay+2 Stlth+}
   (You acquired it on level 3 of the Snake Pit)

   [ring of wizardry]

   It improves your spell success rate.
   It affects your strength (+2).
   It affects your dexterity (-2).
   It affects your accuracy and damage with ranged weapons and melee attacks
   (+2).
   It makes you more stealthy.
 y - the brooch of Shielding (around neck) {Reflect SH+8}
   (You found it in an ossuary)

   [amulet of reflection]

   It shields you and reflects attacks.
   It affects your SH (+8).
 I - an uncursed ring of flight
 L - a +5 ring of dexterity
 O - a +5 ring of strength (right claw)
 R - an uncursed ring of protection from fire
Wands
 j - a wand of paralysis (16/24)
 m - a wand of iceblast (4/15)
 x - a wand of lightning (9/15)
 D - a wand of digging (7/24)
 E - a wand of acid (4/15)
 J - a wand of acid (4/15)
 N - a wand of acid (6/15)
 W - a wand of scattershot (4/9)
Scrolls
 d - 4 scrolls of identify
 e - 8 scrolls of remove curse
 k - 2 scrolls of summoning
 o - 5 scrolls of fear
 u - 5 scrolls of magic mapping
 w - 4 scrolls of blinking
 B - 6 scrolls of fog
 M - 7 scrolls of teleportation
 P - a scroll of brand weapon
 S - 2 scrolls of recharging
 V - a scroll of acquirement
Potions
 a - 2 potions of brilliance
 b - 3 potions of berserk rage
 h - 2 potions of ambrosia
 p - 3 potions of resistance
 v - 2 potions of agility
 C - a potion of cancellation
 G - 3 potions of invisibility
 H - 6 potions of heal wounds
 K - 4 potions of might
 U - 2 potions of magic
 Y - 2 potions of haste
Miscellaneous
 q - a lamp of fire
 Q - 2 boxes of beasts
Comestibles
 f - 14 bread rations
 r - 12 meat rations
 t - 21 fruits
 z - 4 chunks of flesh
 Z - 5 royal jellies


   Skills:
 + Level 12.8 Fighting
 + Level 18.6 Axes
 - Level 1.7 Throwing
 + Level 15.1 Armour
 - Level 9.7 Dodging
   Level 4.0 Shields
 - Level 12.2 Invocations


You had 16 spell levels left.
You didn't know any spells.

Dungeon Overview and Level Annotations

Branches:
Dungeon (15/15) Temple (0/1) D:7 Lair (6/6) D:9 Shoals (4/4) Lair:4 Snake (3/4) Lair:3 Slime (0/5) Lair:6 Orc (2/2) D:12 Elf (0/3) Orc:2 Vaults (0/5) D:13 D:14 Depths (0/5) D:15

Altars:
Dithmenos
Elyvilon
Hepliaklqana
Kikubaaqudgha
Makhleb
Nemelex Xobeh
Qazlal
Sif Muna
Trog
Vehumet
Wu Jian
Xom
Beogh
Jiyva

Shops:
D:6 %   D:9 (   D:10 *   D:12 [*   Orc:1 (   Orc:2 (!(:   Shoals:3 [
Snake:1 !*}!

Annotations:
Lair:6 1 runed door


Innate Abilities, Weirdness & Mutations

You have claws for hands.
You are mostly covered in rugged brown scales. (AC +2, +5% HP)
Your flesh is heat resistant. (rF+)
Your demonic aura causes spilled blood to erupt in flames.
When hurt, damage is shared between your health and your magic reserves.
You regenerate magic rapidly.
You are immune to clouds of flame.


Message History

Unknown command.
Unknown command.
Unknown command.
Unknown command.
You struggle against the net.
You feel sick.
You hear a shout!
The merfolk javelineer throws a poisoned javelin.
The poisoned javelin hits you but does no damage.
You hear a splash.
The merfolk impaler hits you but does no damage.
The merfolk hits you from afar with a trident.
* * * LOW HITPOINT WARNING * * *
The merfolk impaler hits you but does no damage.
The snapping turtle bites you but does no damage.
The water nymph touches you. The water nymph drowns you!
* * * LOW HITPOINT WARNING * * *
The satyr plays a lulling melody on his pipes!
You fall asleep.
The merfolk impaler hits you from afar with a trident!!!
You die...

≈≈≈≈≈≈≈≈≈..≈...
≈≈≈≈≈≈≈≈≈≈≈≈≈....
≈≈≈≈≈≈≈≈≈≈≈≈≈≈..(.
≈≈≈≈≈≈≈≈≈≈≈≈≈≈...m
≈≈≈≈≈≈≈≈≈≈≈≈≈.(..
≈≈≈≈≈≈≈≈≈≈≈≈(.$###
≈≈≈≈≈≈≈§m≈§≈§.....
≈≈≈≈≈≈≈≈≈≈≈§......
≈≈≈≈≈≈≈≈§m@≈......
≈≈≈≈≈≈((tc≈....m.)
≈≈≈≈≈≈§.mmc.[....(
≈≈≈≈≈≈≈))[m.......
≈≈≈≈≈≈.(.≈....?P..
≈≈≈≈≈(.....#PP.###
≈≈≈≈≈.≈...(#PP..
≈≈≈≈≈≈≈≈.........
≈≈≈≈≈≈≈≈≈.#.P .


You could see a merfolk avatar, 2 merfolk impalers, a merfolk javelineer, a
satyr, a snapping turtle, 2 merfolk, a faun and a water nymph.

Vanquished Creatures
  Rupert (D:13)
  Polyphemus (Shoals:1)
  Agnes (Snake:1)
  3 nagarajas
  Aizul (Snake:2)
  A stone giant (Orc:1)
  A dire elephant (D:15)
  3 merfolk javelineers
  11 merfolk impalers
  Josephine (D:14)
  Snorg (D:10)
  A minotaur (Lab)
  3 naga warriors (Snake:1)
  2 merfolk avatars
  4 hydras
  6 anacondas
  5 catoblepae
  Erica (Lair:2)
  A death knight (D:12)
  2 satyrs
  8 two-headed ogres
  5 centaur warriors
  3 ogre magi
  4 merfolk aquamancers
  4 tengu warriors
  An alligator snapping turtle (Shoals:3)
  8 death yaks
  Urug (D:13)
  4 naga sharpshooters
  2 shock serpents (Snake:3)
  Nergalle (D:10)
  Sonja (D:15)
  A salamander mystic (Snake:3)
  8 skeletal warriors
  5 sea snakes
  6 unseen horrors
  2 naga ritualists
  7 orc knights
  8 orc sorcerers (Orc:2)
  6 mana vipers
  3 harpies (Shoals:3)
  13 deep elf magi
  7 salamanders
  11 manticores
  A cyclops (shapeshifter) (D:14)
  12 ugly things
  16 fauns
  6 cyclopes
  9 elephants
  2 guardian serpents
  Maurice (D:10)
  9 naga magi
  3 water nymphs
  Psyche (D:10)
  8 merfolk sirens
  20 black mambas
  8 centaur skeletons
  16 spiny frogs
  2 gargoyles
  An efreet (D:13)
  5 komodo dragons
  2 rime drakes (Lair:3)
  2 kobold demonologists
  A queen bee (D:10)
  2 minotaur zombies (Lab)
  A tengu conjurer (D:13)
  2 polar bears
  5 wind drakes
  2 slime creatures
  24 merfolk
  12 trolls
  12 blink frogs
  A minotaur skeleton (Lab)
  2 hornets
  11 dream sheep
  7 hippogriffs
  4 snapping turtles
  3 shadows
  2 redbacks (Lab)
  A vampire (D:14)
  5 wraiths
  A tarantella (shapeshifter) (D:15)
  17 water elementals
  50 yaks
  3 wyverns
  4 basilisks
  2 hungry ghosts
  4 vampire mosquitoes (D:15)
  A steam dragon (D:11)
  16 humans
  2 wargs
  Edmund (D:5)
  2 acid dragons (D:14)
  18 nagas
  Duvessa (D:4)
  11 porcupines
  9 water moccasins
  A swamp drake (D:12)
  20 orc warriors
  7 sky beasts
  5 ice beasts
  A hornet zombie (D:9)
  3 black bears
  2 eyes of draining
  A tengu (shapeshifter) (D:15)
  10 centaurs
  2 necrophages
  19 ogres
  20 wolves
  13 crocodiles
  Blork the orc (D:5)
  4 big kobolds
  A wyvern zombie (Ossuary)
  22 bullfrogs
  3 wyvern skeletons
  Dowan (D:4)
  The ghost of CasualChangeling the Skirmisher, a weakling DrFi (D:3)
  3 scorpions
  41 killer bees
  An electric eel (Orc:2)
  5 wights (D:7)
  7 howler monkeys
  11 crimson imps
  4 bullfrog zombies
  4 jellies
  4 centaur zombies
  5 quasits
  A hound (D:12)
  46 orc wizards
  16 orc priests
  2 bullfrog skeletons
  Jessica (D:2)
  5 iguanas
  7 worker ants
  A killer bee zombie (Ossuary)
  3 hound zombies (Ossuary)
  9 mummies (Ossuary)
  3 howler monkey zombies
  A worker ant zombie (D:5)
  15 gnolls
  19 adders
  5 shadow imps
  2 adder zombies
  2 worms (D:2)
  5 dart slugs
  6 leopard geckos
  114 orcs
  3 giant cockroaches
  8 goblins
  9 hobgoblins
  14 jackals
  3 quokkas
  10 bats
  4 frilled lizards
  2 giant cockroach zombies
  A jackal skeleton (D:5)
  2 jackal zombies (Ossuary)
  32 kobolds
  3 leopard gecko zombies (Ossuary)
  2 quokka skeletons
  4 quokka zombies
  6 rats
  4 plants (Shoals:2)
1124 creatures vanquished.

Vanquished Creatures (collateral kills)
  A wolf (Lair:1)
1 creature vanquished.

Vanquished Creatures (others)
  A satyr (Shoals:3)
  5 fauns
  2 naga magi
  A black mamba (Snake:1)
  A naga (Snake:2)
  4 centaurs
  An orc wizard (D:9)
  A worker ant (D:13)
  An orc (D:9)
  7 fungi
  16 plants
  3 withered plants (Ossuary)
43 creatures vanquished.

Grand Total: 1168 creatures vanquished

Notes
Turn   | Place    | Note
-------+----------+-------------------------------------------
     0 | D:1      | twist the Demonspawn Gladiator began the quest for the Orb.
     0 | D:1      | Reached XP level 1. HP: 16/16 MP: 1/1
   141 | D:1      | Reached skill level 3 in Axes
   375 | D:1      | Gained mutation: You are partially covered in rugged brown scales. (AC +1, +3% HP) [demonic ancestry]
   375 | D:1      | Reached XP level 2. HP: 16/22 MP: 2/2
   904 | D:2      | Noticed Jessica
   905 | D:2      | Killed Jessica
   905 | D:2      | Reached skill level 1 in Shields
   905 | D:2      | Gained mutation: When hurt, damage is shared between your health and your magic reserves. [demonic ancestry]
   905 | D:2      | Reached XP level 3. HP: 27/27 MP: 3/3
  1090 | D:2      | Reached skill level 4 in Axes
  1135 | D:2      | Found a stormy altar of Qazlal.
  1260 | D:2      | Became a worshipper of Qazlal Stormbringer
  1298 | D:2      | Reached XP level 4. HP: 32/33 MP: 4/4
  2124 | D:3      | Reached * piety under Qazlal
  2162 | D:3      | Noticed CasualChangeling's ghost (weakling DrFi)
  2330 | D:3      | Found a hazy altar of Hepliaklqana.
  2331 | D:3      | Found a shimmering altar of Xom.
  2331 | D:3      | Noticed a hell beast
  2332 | D:3      | Noticed a spectral ugly thing
  2332 | D:3      | Noticed a hell beast
  2533 | D:3      | Killed CasualChangeling's ghost
  2533 | D:3      | Gained mutation: Your flesh is heat resistant. (rF+) [demonic ancestry]
  2533 | D:3      | Reached XP level 5. HP: 21/39 MP: 2/5
  2806 | D:4      | Found a bloodstained altar of Trog.
  3253 | D:5      | Entered Level 5 of the Dungeon
  3393 | D:4      | Reached skill level 5 in Axes
  3393 | D:4      | Gained mutation: You have sharp fingernails. [demonic ancestry]
  3393 | D:4      | Reached XP level 6. HP: 45/45 MP: 6/6
  3438 | D:4      | Noticed Dowan
  3439 | D:4      | Noticed Duvessa
  3449 | D:4      | Killed Dowan
  3450 | D:4      | Killed Duvessa
  3848 | D:5      | Found a sand-covered staircase.
  3852 | Ossuary  | Entered an ossuary
  3877 | Ossuary  | Reached skill level 6 in Axes
  3877 | Ossuary  | Reached XP level 7. HP: 40/51 MP: 5/7
  4050 | Ossuary  | Reached ** piety under Qazlal
  4133 | Ossuary  | Reached skill level 7 in Axes
  4247 | Ossuary  | Found the brooch of Shielding {Reflect SH+8}
  4475 | D:5      | Gained mutation: You are mostly covered in rugged brown scales. (AC +2, +5% HP) [demonic ancestry]
  4475 | D:5      | Reached XP level 8. HP: 52/59 MP: 8/8
  4548 | D:5      | Reached skill level 1 in Armour
  4598 | D:5      | Noticed Blork the orc
  4601 | D:5      | Noticed Edmund
  4603 | D:5      | Killed Blork the orc
  4609 | D:5      | Reached skill level 8 in Axes
  4620 | D:5      | Killed Edmund
  5571 | D:5      | Reached *** piety under Qazlal
  5821 | D:5      | Gained mutation: You have very sharp fingernails. [demonic ancestry]
  5821 | D:5      | Reached XP level 9. HP: 20/68 MP: 3/9
  6122 | D:6      | Found Jikhomy's Food Boutique.
  6693 | D:7      | Reached skill level 9 in Axes
  6871 | D:7      | Reached **** piety under Qazlal
  7060 | D:7      | Reached skill level 10 in Axes
  7274 | D:7      | Found a staircase to the Ecumenical Temple.
  7775 | D:8      | Reached skill level 11 in Axes
  8079 | D:8      | Found a burning altar of Makhleb.
  8081 | D:8      | Found a sparkling altar of Nemelex Xobeh.
  8090 | D:8      | Found an ornate altar of the Wu Jian Council.
  8093 | D:8      | Found a shadowy altar of Dithmenos.
  8103 | D:8      | Reached XP level 10. HP: 75/75 MP: 10/10
  8831 | D:9      | Reached ***** piety under Qazlal
  8901 | D:9      | Found a sparkling altar of Nemelex Xobeh.
  9233 | D:9      | Reached skill level 12 in Axes
  9424 | D:9      | Found a staircase to the Lair.
  9461 | D:9      | Found Aguyh's Weapon Shoppe.
  9622 | D:10     | Entered Level 10 of the Dungeon
  9705 | Lair:1   | Entered Level 1 of the Lair of Beasts
  9792 | Lair:1   | Noticed a black mamba
  9809 | Lair:1   | Killed a black mamba
 10050 | Lair:1   | Noticed a black mamba
 10064 | Lair:1   | Killed a black mamba
 10064 | Lair:1   | Reached skill level 13 in Axes
 10247 | Lair:1   | Noticed a five-headed hydra
 10279 | Lair:2   | Noticed an elephant
 10279 | Lair:2   | Noticed an elephant
 10286 | Lair:1   | Noticed a spiny frog
 10292 | Lair:1   | Killed a spiny frog
 10623 | Lair:1   | Killed a five-headed hydra
 10685 | Lair:1   | Reached XP level 11. HP: 67/80 MP: 8/11
 10833 | Lair:1   | Noticed a six-headed hydra
 11507 | D:10     | Noticed Maurice
 11540 | D:10     | Killed Maurice
 11570 | D:10     | Got an ancient mace {crush}
 11620 | D:10     | Got a shimmering robe
 11635 | D:10     | Identified the cursed +1 robe of Ifasen {rCorr} (You found it on level 10 of the Dungeon)
 11651 | D:10     | Identified the +5 mace "Dragon's Tongue" {crush, +Rage +Fly} (You took it off an orc wizard on level 10 of the Dungeon)
 11681 | D:10     | Found Gatotato's Hallowed Reliquary.
 11681 | D:10     | Found a white marble altar of Elyvilon.
 11686 | D:10     | Noticed an angel
 11709 | D:10     | Reached skill level 14 in Axes
 11711 | D:10     | Noticed Snorg
 11724 | D:10     | Killed Snorg
 12141 | D:10     | Noticed Psyche
 12146 | D:10     | Noticed Nergalle
 12154 | D:10     | Killed Psyche
 12162 | D:10     | Noticed a spectral orc warlord
 12170 | D:10     | Killed Nergalle
 12394 | D:10     | Reached skill level 15 in Axes
 13011 | D:11     | Found a labyrinth entrance.
 13076 | Lab      | Entered a labyrinth
 13637 | Lab      | Noticed a minotaur
 13647 | Lab      | Killed a minotaur
 13647 | Lab      | Gained mutation: You regenerate magic rapidly. [demonic ancestry]
 13647 | Lab      | Reached XP level 12. HP: 56/87 MP: 7/12
 13658 | Lab      | Found the +7 longbow "Piercer" {penet, EV-2}
 13660 | Lab      | Got a bloodstained leather armour
 14062 | D:11     | Reached skill level 16 in Axes
 14113 | D:11     | Reached skill level 1 in Invocations
 14254 | D:11     | Identified the cursed +0 leather armour of Sif Muna's Displeasure {Regen+} (You found it in a labyrinth)
 14333 | D:11     | Noticed a two-headed ogre
 14351 | D:11     | Killed a two-headed ogre
 14395 | D:11     | Reached skill level 5 in Fighting
 14395 | D:11     | Reached skill level 5 in Dodging
 14756 | D:11     | Found a roughly hewn altar of Beogh.
 14872 | D:11     | Got a twisted chain mail
 14883 | D:11     | Identified the cursed +1 chain mail of Lucidity {rF++ Stlth+} (You found it on level 11 of the Dungeon)
 15185 | D:12     | Noticed a death knight
 15373 | Lair:1   | HP: 3/91 [seven-headed hydra (14)]
 15375 | Lair:1   | Killed a seven-headed hydra
 15375 | Lair:1   | Reached skill level 5 in Invocations
 16180 | Lair:2   | Noticed Erica
 16190 | Lair:2   | Killed Erica
 16229 | Lair:2   | Reached XP level 13. HP: 67/100 MP: 13/18
 17298 | Lair:3   | Found a staircase to the Snake Pit.
 17670 | Lair:4   | Found a staircase to the Shoals.
 18578 | Lair:5   | Reached skill level 10 in Invocations
 18864 | Lair:6   | Entered Level 6 of the Lair of Beasts
 18948 | Lair:6   | Reached ****** piety under Qazlal
 19022 | Lair:6   | Gained mutation: You are immune to clouds of flame. [demonic ancestry]
 19022 | Lair:6   | Reached XP level 14. HP: 101/114 MP: 22/22
 19047 | Lair:6   | Found a runed door.
 19047 | Lair:6   | Found a viscous altar of Jiyva.
 19047 | Lair:6   | Found a staircase to the Slime Pits.
 19606 | Lair:6   | Reached skill level 10 in Fighting
 20512 | D:12     | Found Woicweax's Assorted Antiques.
 20516 | D:12     | Bought a potion of heal wounds for 140 gold pieces
 20516 | D:12     | Bought a scroll of teleportation for 84 gold pieces
 20516 | D:12     | Bought a glowing battleaxe for 266 gold pieces
 20592 | D:12     | Found Ysoruti's Antique Armour Boutique.
 20610 | D:12     | Bought a pair of runed boots for 187 gold pieces
 21231 | D:12     | Reached skill level 5 in Armour
 21243 | D:12     | Found a staircase to the Orcish Mines.
 21499 | Orc:1    | Entered Level 1 of the Orcish Mines
 21515 | Orc:1    | Noticed a stone giant
 21520 | Orc:1    | Killed a stone giant
 21635 | Orc:1    | Found a burning altar of Makhleb.
 22036 | Orc:1    | Found Ugymosi's Weapon Shop.
 22188 | Orc:1    | Found a deep blue altar of Sif Muna.
 22201 | Orc:1    | Identified Sif Muna's Reference Book on Evil
 22269 | Orc:2    | Entered Level 2 of the Orcish Mines
 22269 | Orc:2    | Found a roughly hewn altar of Beogh.
 22405 | Orc:2    | Found a staircase to the Elven Halls.
 22597 | Orc:2    | Found Moawkeod's Book Boutique.
 22926 | Orc:2    | Found a radiant altar of Vehumet.
 22943 | Orc:2    | Found Viuce's Distillery.
 22983 | Orc:2    | Found an ancient bone altar of Kikubaaqudgha.
 23005 | Orc:2    | Reached XP level 15. HP: 121/122 MP: 24/24
 23021 | Orc:2    | Found a roughly hewn altar of Beogh.
 23028 | Orc:2    | Found Guggurui's Antique Weapon Shop.
 23090 | Orc:2    | Bought a potion of curing for 48 gold pieces
 23090 | Orc:2    | Bought a potion of haste for 160 gold pieces
 23090 | Orc:2    | Bought a potion of heal wounds for 80 gold pieces
 23105 | Orc:2    | Found Itojees's Antique Weapon Shop.
 23562 | D:13     | Reached skill level 10 in Armour
 23610 | D:13     | Noticed Urug
 23631 | D:13     | Killed Urug
 24721 | D:14     | Found a gate to the Vaults.
 24721 | D:14     | Noticed Rupert
 24776 | D:13     | Killed Rupert
 24865 | D:14     | Noticed Josephine
 24874 | D:14     | Killed Josephine
 25575 | D:15     | Entered Level 15 of the Dungeon
 25575 | D:15     | Noticed Sonja
 25585 | D:15     | Killed Sonja
 25685 | D:15     | Gained mutation: You have claws for hands. [demonic ancestry]
 25685 | D:15     | Reached XP level 16. HP: 112/129 MP: 25/25
 26645 | D:15     | Found a staircase to the Depths.
 26996 | Snake:1  | Entered Level 1 of the Snake Pit
 27025 | Snake:1  | Reached skill level 17 in Axes
 27478 | Snake:1  | Found Ylesk's Gadget Shoppe.
 27485 | Snake:1  | Found Zooreme's Distillery.
 27485 | Snake:1  | Found Cobbuno's Distillery.
 27497 | Snake:1  | Found Haturur's General Store.
 27952 | Snake:1  | Bought a potion of might for 60 gold pieces
 28350 | Snake:2  | Noticed Agnes
 28376 | Snake:1  | Killed Agnes
 28626 | Snake:2  | Noticed Aizul
 28664 | Snake:2  | Killed Aizul
 29579 | Snake:3  | Identified a scroll of acquirement
 29580 | Snake:3  | Got a glittering steel ring
 29582 | Snake:3  | Identified the ring of the Suburbs {Wiz Str+2 Dex-2 Slay+2 Stlth+} (You acquired it on level 3 of the Snake Pit)
 29612 | Snake:3  | Got a dazzling broad axe
 29613 | Snake:3  | Identified the +6 broad axe "String" {protect, Str+4} (You found it on level 3 of the Snake Pit)
 30421 | Snake:3  | Reached skill level 18 in Axes
 30545 | Snake:3  | Found a deep blue altar of Sif Muna.
 30744 | Shoals:1 | Entered Level 1 of the Shoals
 30772 | Shoals:1 | Gained mutation: Your demonic aura causes spilled blood to erupt in flames. [demonic ancestry]
 30772 | Shoals:1 | Reached XP level 17. HP: 52/136 MP: 19/26
 30995 | Shoals:1 | Found an ancient bone altar of Kikubaaqudgha.
 31471 | Shoals:1 | Found a white marble altar of Elyvilon.
 31845 | Shoals:2 | Noticed Polyphemus
 32102 | Shoals:1 | Killed Polyphemus
 33759 | Shoals:4 | Entered Level 4 of the Shoals
 34112 | Shoals:3 | Found Gouqec's Armour Shop.
 34204 | Shoals:3 | Reached skill level 15 in Armour
 34678 | Shoals:4 | Mangled by a merfolk impaler

Vault maps used:
D:1:      dpeg_arrival_solitude
D:2:      nicolae_overflow_crystal_walls, corexii_item_surrounded_by_moat,
          kennysheep_generic_room_15, uniq_jessica
D:3:      regret_index_temple_of_mockery
D:4:      bloody_trog, first_bread, uniq_duvessa
D:5:      nicolae_ossuary_entry_plus, uniq_edmund, uniq_blork_the_orc
D:6:      serial_shops, nicolae_shop_crystal
D:7:      minmay_temple_entry_fiery
D:8:      grunt_temple_overflow_open, grunt_ogre_cave
D:9:      lair_entry_dummy, serial_shops, shop, nemelex_diamond_rough_becter
D:10:     nicolae_good_shop, uniq_snorg, uniq_psyche, uniq_nergalle,
          uniq_maurice
D:11:     lab_entry_generic, minmay_misc_feat_iff
D:12:     erik_orc_1, serial_shops, nicolae_shop_crystal, shop
D:13:     minmay_concentric_multi, uniq_urug
D:14:     david_vaults_3, uniq_josephine
D:15:     hangedman_depths_entry_try_elsewhere_first, minivault_11, uniq_sonja
Lair:2:   st_stairs_9, uniq_erica
Lair:3:   minmay_snake_entry_guardpost_medium, minivault_23
Lair:4:   shoals_dummy_entry
Lair:5:   hangedman_lair_unloving_vines, lemuel_fruit_tree
Lair:6:   evilmike_catoblepas_cave, slime_altar_2
Shoals:1: hangedman_feature_mirror
Shoals:2: portal_ice_cave_entry_ugly_swarm, uniq_polyphemus
Shoals:3: cheibrodos_shoals_baths, nicolae_shoals_c_island
Shoals:4: shoals_end_grunt_garden, shoals_ilsuiw_alternative
Snake:1:  minmay_shoptagon, uniq_agnes
Snake:2:  uniq_aizul
Snake:3:  basic_altar
Orc:1:    nicolae_orc_accident_1, basic_altar, serial_shops, nicolae_shop_stone,
          led_sif_book
Orc:2:    kennysheep_orc_mage_school, basic_altar, elves_outpost_lemuel
Lab:      labyrinth_hidden_loot, nicolae_lab_arrow, lab_block,
          labyrinth_skeletal_remains
Ossuary:  ossuary_zaba_flooded

Skill      XL: |  1  2  3  4  5  6  7  8  9 10 11 12 13 14 15 16 17 |
---------------+----------------------------------------------------+-----
Axes           | 3 4 5 6 7 8 11 13 15 16 18 | 18.6
Shields        | 1 2 3 4 |  4.0
Dodging        | 3 4 6 9 |  9.7
Armour         | 2 3 9 13 14 15 | 15.1
Fighting       | 3 4 7 9 10 12 | 12.8
Invocations    | 7 11 12 | 12.2
Throwing       | |  1.7

Action                   |  1- 3 |  4- 6 |  7- 9 | 10-12 | 13-15 | 16-18 || total
-------------------------+-------+-------+-------+-------+-------+-------++-------
Melee: War axe           |   101 |   147 |   578 |  1059 |  1364 |       ||  3249
       Flail             |       |       |       |    11 |       |       ||    11
       Mace              |       |       |       |     8 |       |       ||     8
       Scimitar          |       |       |       |       |    17 |       ||    17
       Battleaxe         |       |       |       |       |    59 |   194 ||   253
       Executioner's axe |       |       |       |       |       |   499 ||   499
Invok: Upheaval          |       |       |       |     4 |     2 |    25 ||    31
       Elemental Force   |       |       |       |     1 |       |       ||     1
       Disaster Area     |       |       |       |       |     3 |     5 ||     8
Evoke: Wand              |       |       |       |    13 |       |       ||    13
  Use: Scroll            |       |    14 |    10 |    20 |    16 |     8 ||    68
       Potion            |       |     2 |     1 |     9 |     3 |     9 ||    24
 Stab: Distracted        |       |       |     1 |       |       |       ||     1
       Petrified         |       |       |       |       |     6 |       ||     6
  Eat: Chunk             |     1 |     9 |    10 |    17 |    20 |    12 ||    69
       Fruit             |       |       |     1 |     1 |     5 |       ||     7
       Royal jelly       |       |       |     1 |     2 |     3 |    10 ||    16
       Meat ration       |       |       |       |     2 |       |       ||     2
Armor: Leather armour    |    38 |    39 |    68 |    70 |       |       ||   215
       Troll leather arm |       |       |       |    28 |   187 |       ||   215
       Crystal plate arm |       |       |       |       |    60 |   511 ||   571
       Scale mail        |       |       |       |       |     2 |       ||     2
Dodge: Dodged            |    59 |    94 |   191 |   339 |   400 |   254 ||  1337
       Deflected         |       |       |       |     1 |    13 |    64 ||    78
Block: Buckler           |    17 |    53 |   451 |   850 |  1087 |       ||  2458
       Reflection        |       |       |    18 |    25 |    38 |   107 ||   188
       Other             |       |       |       |       |    70 |   633 ||   703
       Rpst.: Scimitar   |       |       |       |       |     3 |       ||     3

Table legend:
 A = Spawn XP
 B = Non-spawn XP
 C = Spawn XP percentage of total XP
 D = Spawn monster count
 E = Non-spawn monster count
 F = Spawn count percentage of total count
 G = Total turns spent on level
                    A         B        C        D         E        F      G
               +---------+---------+-------+---------+---------+-------+---------
         Total |       0 |  283566 |   0.0 |       0 |    1136 |   0.0 | 34678
               +---------+---------+-------+---------+---------+-------+---------
           D:1 |       0 |      37 |   0.0 |       0 |      21 |   0.0 |   901
           D:2 |       0 |      85 |   0.0 |       0 |      20 |   0.0 |   940
           D:3 |       0 |     170 |   0.0 |       0 |      29 |   0.0 |  1120
           D:4 |       0 |     324 |   0.0 |       0 |       8 |   0.0 |   839
           D:5 |       0 |     957 |   0.0 |       0 |      26 |   0.0 |  1531
           D:6 |       0 |     862 |   0.0 |       0 |      33 |   0.0 |   724
           D:7 |       0 |    1821 |   0.0 |       0 |      52 |   0.0 |  1295
           D:8 |       0 |    1131 |   0.0 |       0 |      16 |   0.0 |   824
           D:9 |       0 |    1411 |   0.0 |       0 |      33 |   0.0 |  1528
          D:10 |       0 |    8692 |   0.0 |       0 |      68 |   0.0 |  1807
          D:11 |       0 |    6221 |   0.0 |       0 |      51 |   0.0 |  1023
          D:12 |       0 |    5989 |   0.0 |       0 |      49 |   0.0 |  1450
          D:13 |       0 |   29761 |   0.0 |       0 |      70 |   0.0 |  1513
          D:14 |       0 |   11911 |   0.0 |       0 |      44 |   0.0 |   771
          D:15 |       0 |   17041 |   0.0 |       0 |      53 |   0.0 |  1173
        Lair:1 |       0 |    5048 |   0.0 |       0 |      20 |   0.0 |  1925
        Lair:2 |       0 |   10092 |   0.0 |       0 |      34 |   0.0 |  1051
        Lair:3 |       0 |    4766 |   0.0 |       0 |      27 |   0.0 |  1244
        Lair:4 |       0 |    4442 |   0.0 |       0 |      18 |   0.0 |  1067
        Lair:5 |       0 |    5566 |   0.0 |       0 |      27 |   0.0 |   618
        Lair:6 |       0 |   22256 |   0.0 |       0 |      59 |   0.0 |  1294
      Shoals:1 |       0 |   25249 |   0.0 |       0 |      45 |   0.0 |  1563
      Shoals:2 |       0 |   21872 |   0.0 |       0 |      48 |   0.0 |  1162
      Shoals:3 |       0 |   21274 |   0.0 |       0 |      38 |   0.0 |   976
      Shoals:4 |       0 |    4793 |   0.0 |       0 |       7 |   0.0 |    33
       Snake:1 |       0 |   16813 |   0.0 |       0 |      29 |   0.0 |  1282
       Snake:2 |       0 |    5813 |   0.0 |       0 |       9 |   0.0 |   611
       Snake:3 |       0 |   23907 |   0.0 |       0 |      41 |   0.0 |  1117
         Orc:1 |       0 |    6920 |   0.0 |       0 |      67 |   0.0 |   793
         Orc:2 |       0 |   15057 |   0.0 |       0 |      55 |   0.0 |   947
           Lab |       0 |    2542 |   0.0 |       0 |       7 |   0.0 |   957
       Ossuary |       0 |     743 |   0.0 |       0 |      32 |   0.0 |   599
               +---------+---------+-------+---------+---------+-------+---------
